 Dungeon Crawl Stone Soup version 0.28.0-47-ge53b351184 (webtiles) character file.

Game seed: 3011805313767733346

35 hawla the Digger (level 3, 0/14 HPs)
             Began as a Felid Earth Elementalist on May 4, 2022.
             Slain by an orc
             ... wielding a +0 club
              (2 damage)
             ... on level 3 of the Dungeon.
             The game lasted 00:04:43 (1887 turns).

hawla the Digger (Felid Earth Elementalist)         Turns: 1887, Time: 00:04:45

Health: 0/14       AC:  1    Str:  4    XL:     3   Next: 16%
Magic:  1/7        EV: 17    Int: 18    God:
Gold:   130        SH:  5    Dex: 16    Spells: 3/7 levels left
                                        Lives:  0   Deaths: 1

rFire   . . .      SeeInvis +   (weapon unavailable)
rCold   . . .      Faith    .   (shield unavailable)
rNeg    . . .      Spirit   .   (armour unavailable)
rPois   .          Reflect  +   (helmet unavailable)
rElec   .          Harm     .   (cloak unavailable)
rCorr   .          Rampage  .   (gloves unavailable)
Will    .....                   (boots unavailable)
Stlth   ++........              c - amulet of reflection
HPRegen 0.04/turn               (no ring)
MPRegen 0.10/turn               (no ring)

@: quick
A: very small, claws 1, fangs 3, see invisible, speed 1, shaggy fur 1, stealthy
paws, no weapons or thrown items, no armour, multi-lived
a: no special abilities


You were on level 3 of the Dungeon.
You visited 1 branch of the dungeon, and saw 3 of its levels.

You collected 130 gold pieces.

Inventory:

Jewellery
 c - an amulet of reflection (around neck)
 g - an amulet of regeneration
Wands
 j - a wand of flame (19)
Scrolls
 d - a scroll of teleportation
 e - a scroll of silence {unknown}
 f - a scroll of brand weapon {unknown}
Potions
 a - a potion of might
 h - 2 potions of curing {unknown}
 i - 2 potions of degeneration {unknown}
 k - a potion of mutation {unknown}


   Skills:
 - Level 3.0 Dodging
 - Level 3.2 Stealth
 - Level 2.5 Spellcasting
 - Level 1.1 Transmutations
 + Level 4.0 Earth Magic


You had 3 spell levels left.
You knew the following spells:

 Your Spells              Type           Power      Damage    Failure   Level
a - Sandblast             Erth           32%        2d9       3%          1
b - Stone Arrow           Conj/Erth      18%        3d8       22%         3

Your spell library contained the following spells:

 Spells                   Type           Power      Damage    Failure   Level
 Passwall                 Tmut/Erth      9%         N/A       9%          2
 Petrify                  Tmut/Erth      11%        N/A       52%         4
 Freezing Cloud           Conj/Ice/Air   1%         6-21      99%         5
 Simulacrum               Ice/Necr       1%         N/A       100%        6
 Polar Vortex             Ice            1%         N/A       100%        9


Dungeon Overview and Level Annotations

Branches:
Dungeon (3/15)

Altars:

Shops:
D:2 *

Annotations:
D:3 Grinder


Innate Abilities, Weirdness & Mutations

You have sharp claws.
You have razor-sharp teeth.
You have supernaturally acute eyesight. (SInv)
You cover ground quickly. (Speed+)
You are covered in fur. (AC +1)
Your paws help you pounce on unaware monsters.
You are incapable of wielding weapons or throwing items.
You cannot wear armour.
You gain extra lives every three experience levels.


Message History

You don't have any stones to cast with.
Unknown command.
Casting: Sandblast (safe; 3% risk of failure)
Confirm with . or Enter, or press ? or * to list all spells.
The spell is potentially lethal to miscast (22% risk of failure)!
Continue anyway?
Aiming: Stone Arrow (potentially lethal; 22% risk of failure)
Press: ? - help, Shift-Dir - straight line, f - orc
Aim: an orc, wielding a +0 club (64% to hit)
The stone arrow hits the orc!
You kill the orc!
The orc hits you but does no damage.
Unknown command.
You scratch the orc.
You kill the orc!
The orc barely misses you.
Your Earth Magic skill increases to level 4!
Casting: Stone Arrow (potentially lethal; 22% risk of failure)
Confirm with . or Enter, or press ? or * to list all spells.
The spell is potentially lethal to miscast (22% risk of failure)!
Continue anyway?
Aiming: Stone Arrow (potentially lethal; 22% risk of failure)
Press: ? - help, Shift-Dir - straight line, f - orc priest
Aim: an orc priest, wielding a +0 short sword (64% to hit)
The stone arrow hits the orc priest!
The orc priest is severely wounded.
The orc barely misses you.
The orc priest hits you with a +0 short sword.
You barely miss the orc priest.
The orc priest is severely wounded.
The orc priest calls upon Beogh to heal the orc.
The orc's wounds heal themselves!
You block the orc's attack.
You scratch the orc priest but do no damage.
The orc priest is severely wounded.
You block the orc priest's attack. The orc hits you with a +0 club.
You scratch the orc priest but do no damage.
Your bite misses the orc priest.
The orc priest is severely wounded.
The orc priest hits you with a +0 short sword.
* * * LOW HITPOINT WARNING * * *
The orc hits you with a +0 club.
You die...

#........# #
#.##.....## r#
##...## #o
##'## #o #.# #o
#.# #. ##.##
#.#####...##
#oo@.......#
#.#o..#...##
#.#...........
#.....##.####..
#.######.# #.
#.# #. ..# ##
##


You could see an orc priest and 2 orcs.

Vanquished Creatures
  Jessica (D:2)
  2 adders (D:2)
  A dart slug (D:1)
  3 orcs (D:3)
  2 bats
  3 endoplasms
  2 goblins (D:1)
  A hobgoblin (D:2)
  2 quokkas
  3 ball pythons
  3 frilled lizards
  2 kobolds
  6 rats
31 creatures vanquished.

Notes
Turn   | Place    | Note
-------+----------+-------------------------------------------
     0 | D:1      | hawla the Felid Earth Elementalist began the quest for the
                  | Orb.
     0 | D:1      | Reached XP level 1. HP: 7/7 MP: 4/4
   158 | D:1      | Reached skill level 3 in Earth Magic
   379 | D:1      | Reached XP level 2. HP: 11/11 MP: 4/6
   768 | D:2      | Found a faded altar of an unknown god.
   770 | D:2      | Identified a scroll of acquirement
   788 | D:2      | Acquired an amulet of reflection
   825 | D:2      | Found Xubac's Assorted Antiques.
   910 | D:2      | Reached XP level 3. HP: 14/14 MP: 4/7
  1454 | D:2      | Noticed Jessica
  1459 | D:2      | Killed Jessica
  1460 | D:2      | Reached XP level 4. HP: 18/18 MP: 4/8
  1464 | D:2      | Learned a level 3 spell: Stone Arrow
  1743 | D:3      | Noticed Grinder
  1752 | D:3      | Slain by Grinder
  1753 | D:3      | Reached XP level 3. HP: -1/14 MP: 1/7
  1884 | D:3      | Reached skill level 4 in Earth Magic
  1887 | D:3      | Slain by an orc

Illustrated notes

Levels and vault maps discovered:
D:1:      dpeg_arrival_arbitrary_b, layout_basic
D:2:      layout_basic, serial_shops, shop, dreamdust_ecumenical_altar_statues,
          st_stairs_1, uniq_jessica
D:3:      layout_loops_corners, corexii_leaking_fountain,
          kennysheep_generic_room_12, uniq_grinder

Skill      XL: |  1  2  3 |
---------------+----------+-----
Earth Magic    | 3 4 |  4.0
Stealth        | 3 |  3.2
Dodging        | 3 |  3.0
Spellcasting   | |  2.5
Transmutations | |  1.1

Action                   |  1- 3 |  4- 6 || total
-------------------------+-------+-------++-------
Melee: Unarmed           |    14 |     2 ||    16
       Bite              |     2 |       ||     2
 Cast: Sandblast         |    40 |     4 ||    44
       Stone Arrow       |     2 |     1 ||     3
  Use: Scroll            |     5 |       ||     5
       Potion            |       |     1 ||     1
Armor: Skin              |     1 |       ||     1
Dodge: Dodged            |    11 |       ||    11
Block: Other             |     4 |     1 ||     5
